 Dungeon Crawl Stone Soup version 0.23-a0-451-g1044d4c (webtiles) character file.

84 theanonym the Cudgeler (level 4, -3/34 HPs)
             Began as a Mummy Warper on Nov 23, 2018.
             Was an Initiate of Ashenzari.
             Killed from afar by an orc wizard (10 damage)
             ... with a puff of flame
             ... on level 3 of the Dungeon.
             The game lasted 00:03:23 (2259 turns).

theanonym the Cudgeler (Mummy Warper)               Turns: 2259, Time: 00:03:24

Health: -3/34      AC:  8    Str: 15    XL:     4   Next: 23%
Magic:  8/8        EV:  6    Int: 12    God:    Ashenzari [......]
Gold:   128        SH:  4    Dex: 11    Spells: 8/8 levels left

rFire    x . .     SeeInvis .   a - +0 mace
rCold    + . .     Gourm    .   f - +1 buckler (curse)
rNeg     + + +     Faith    .   h - +0 chain mail
rPois    ∞         Spirit   .   (no helmet)
rElec    .         Reflect  .   (no cloak)
rCorr    .         Harm     +   (no gloves)
MR       .....                  (no boots)
Stlth    ..........             g - amulet of harm
HPRegen  0.11/turn              (no ring)
MPRegen  0.11/turn              (no ring)

@: no status effects
A: no food or potions, fire vulnerability, cold resistance 1, negative energy
resistance 3, torment resistance, unbreathing
a: Curse Item, Renounce Religion


Innate Abilities, Weirdness & Mutations

You do not eat or drink.
Your flesh is vulnerable to fire.
You are immune to poison.
Your flesh is cold resistant. (rC+)
You are immune to negative energy. (rN+++)
You are immune to unholy pain and torment.
You can survive without breathing.


   Skills:
 + Level 2.9 Fighting
 * Level 2.9 Maces & Flails
 - Level 0.7 Throwing
 - Level 0.7 Armour
 - Level 1.5 Dodging
 + Level 1.1 Shields
 - Level 2.6 Spellcasting
   Level 2.4 Translocations


You had 8 spell levels left.
You didn't know any spells.
Your spell library contained the following spells:

 Spells                   Type           Power        Failure   Level  Hunger
 Blink                    Tloc           N/A          99%         2    N/A
 Shroud of Golubria       Chrm/Tloc      #.........   100%        2    N/A
 Gell's Gravitas          Tloc           #.........   100%        3    N/A
 Lesser Beckoning         Tloc           #.........   100%        3    N/A
 Teleport Other           Tloc           #.......     100%        3    N/A
 Passage of Golubria      Tloc           N/A          100%        4    N/A

Skill      XL: |  1  2  3 |
---------------+----------+-----
Maces & Flails | 2 |  2.9
Shields        | 1 |  1.1
Fighting       | |  2.9
Throwing       | |  0.7
Armour         | |  0.7
Dodging        | |  1.5
Spellcasting   | |  2.6
Translocations | |  2.4

Action                   |  1- 3 |  4- 6 || total
-------------------------+-------+-------++-------
Melee: Mace              |   129 |    18 ||   147
Throw: Tomahawk          |       |     3 ||     3
  Use: Scroll            |     4 |       ||     4
Armor: Leather armour    |    15 |       ||    15
       Chain mail        |    59 |    19 ||    78
Dodge: Dodged            |    78 |     3 ||    81
Block: Buckler           |    20 |     4 ||    24

Inventory:

Hand Weapons
 a - a +0 mace (weapon)
Missiles
 e - 2 tomahawks of dispersal (quivered)
Armour
 b - a +0 leather armour
 f - a cursed +1 buckler (worn)
   (You found it on level 1 of the Dungeon)
 h - a +0 chain mail (worn)
   (You found it on level 1 of the Dungeon)
Jewellery
 g - an amulet of harm (around neck)
   (You found it on level 1 of the Dungeon)
Wands
 k - a wand of enslavement (6)
   (You found it on level 2 of the Dungeon)
Scrolls
 c - 2 scrolls of immolation {unknown}
 d - a scroll of amnesia
 i - 2 scrolls of identify {unknown}
 j - a scroll of fog {unknown}
 t - a scroll of teleportation {!r}
 B - 2 scrolls of blinking


You were on level 3 of the Dungeon.
You worshipped Ashenzari.
Ashenzari was noncommittal.
You were not hungry.

You visited 1 branch of the dungeon, and saw 3 of its levels.

You collected 128 gold pieces.

Dungeon Overview and Level Annotations

Branches:
Dungeon (3/15)

Altars:
Ashenzari
Kikubaaqudgha
The Shining One

#.# #.# #.# # #.#
##.######.#
###.........########
.o.......§##......[..
o###.####{##.########
# #@##.# #.##.#
####.##.# #.
#...#...# #.##. #
#.##.#####.# #.##.
#.#.##.# #.# #.##.
#.###.#.##.# #.#
#.##. #..........#
#.# #.##. ####.#.####
#.# #.##†


There were no monsters in sight!

Notes
Turn   | Place    | Note
-------+----------+-------------------------------------------
     0 | D:1      | theanonym the Mummy Warper began the quest for the Orb.
     0 | D:1      | Reached XP level 1. HP: 16/16 MP: 4/4
    55 | D:1      | Reached skill level 2 in Maces & Flails
   107 | D:1      | Reached XP level 2. HP: 21/22 MP: 5/5
   258 | D:1      | Found a glowing golden altar of the Shining One.
   450 | D:1      | HP: 8/23 [leopard gecko (5)]
  1146 | D:2      | Reached XP level 3. HP: 28/28 MP: 7/7
  1257 | D:2      | HP: 14/28 [frilled lizard (2)]
  1608 | D:2      | Found a shattered altar of Ashenzari.
  1631 | D:2      | Became a worshipper of Ashenzari the Shackled
  2122 | D:2      | Found an ancient bone altar of Kikubaaqudgha.
  2123 | D:2      | theanonym: ??ashenzari wrath
  2123 | D:2      | beem: ashenzari wrath[1/1]: -4 to all skills. Also boosts
                  | enemy AI: better pathfinding, they're more likely to target
                  | you when you're invisible, and they never forget about you.
                  | The wrath ends after you've gained two experience levels
                  | (or an equivalent amount of xp).
  2204 | D:3      | Reached skill level 1 in Shields
  2213 | D:3      | Reached XP level 4. HP: 34/34 MP: 8/8
  2241 | D:3      | HP: 14/34 [orc wizard/magic dart (13)]
  2248 | D:3      | HP: 12/34 [orc wizard/puff of frost (2)]
  2255 | D:3      | HP: 6/34 [something/magic dart (2)]
  2259 | D:3      | Killed from afar by an orc wizard

Vanquished Creatures
  4 adders
  An ooze (D:2)
  A dart slug (D:1)
  A leopard gecko (D:1)
  An orc (D:3)
  8 bats
  6 goblins
  5 hobgoblins
  3 frilled lizards
  4 kobolds
  2 rats
  2 rat zombies (D:2)
38 creatures vanquished.

Table legend:
 A = Turns spent in this place as a percentage of turns spent in the entire game.
 B = Non-inter-level travel turns spent in this place as a percentage of non-inter-level travel turns spent in the entire game.
 C = Inter-level travel turns spent in this place as a percentage of turns spent in this place.
 D = Turns resting spent in this place as a percentage of non-inter-level travel turns spent in this place.
 E = Turns spent auto-exploring this place as a percentage of non-inter-level travel turns spent in this place.
 F = Non-inter-level travel turns spent in this place divided by the number of levels of this place that you've seen.
                   A       B       C       D       E      F
               +-------+-------+-------+-------+-------+----------------------
         Total | 100.0 | 100.0 |   3.9 |  23.4 |  61.1 | 723.3
       Dungeon | 100.0 | 100.0 |   3.9 |  23.4 |  61.1 | 723.3
               +-------+-------+-------+-------+-------+----------------------
